[Event "Candidates Tournament"]
[Site "Kazan"]
[Date "2011.05.07"]
[Round "1.3"]
[White "Kamsky, Gata"]
[Black "Topalov, Veselin"]
[Result "1/2-1/2"]
[ECO "B90"]
[WhiteElo "2732"]
[BlackElo "2775"]
[Annotator "Ramirez Alvarez,A"]
[PlyCount "74"]
[EventDate "2011.05.05"]
[EventType "k.o."]
[EventRounds "3"]
[EventCountry "RUS"]
[SourceTitle "CBM 143"]
[Source "ChessBase"]
[SourceDate "2011.07.15"]
[SourceVersion "1"]
[SourceVersionDate "2011.07.15"]
[SourceQuality "1"]
[TimeControl "7200"]

{Topalov enters this game with a difficult decision. Should he try to hold for
a draw and push for an all-out win with White in the 4th game, or try to risk
potentially losing the match here with Black? These are problems that the
super-GM from Bulgaria must answer even before the players sit down at the
board.} 1. e4 c5 2. Nf3 d6 3. d4 cxd4 4. Nxd4 Nf6 5. Nc3 a6 6. a4 {Kamsky
repeats his relatively experimental line from game one. Even though Topalov
and his team were probably expecting this, it is very difficult to react in a
mere two days. It's possible that they found no tangible improvement after 6...
Nc6 7. a5!? so Topalov deviates back to the more usual Najdorf approach.} e5 7.
Nf3 Be7 8. Bg5 Be6 9. Bxf6 Bxf6 10. Nd5 Nd7 11. Bc4 Rc8 12. b3 Qa5+ {This
game's novelty. This practically forces White's response, after which it would
only make sense to trade queens. A superficial assessment would be to think
that 'simplifcations lead to draws', when in fact the absence of queens brings
many new strategic ideas to the position.} 13. Qd2 Qxd2+ 14. Nxd2 Bg5 {This is
a good time to get a strong hold of the position. The structure is very
reminiscent of a Sveshnikov Sicilian. To compensate for his backward d6-pawn
and weak d5-square, Black has the pair of bishops and a half open c-file. Of
course, this isn't something that he can take advantage of immediately since
the position is rather closed. But it contains potential! The old masters
believed that obtaining the pair of bishops would eventually grant an
advantage, because ultimately the position was bound to become open after pawn
exchanges. Although chess has evolved greatly, this maxim still holds some
value.} 15. Kd1 $5 {This is an interesting move by the American. The king is
perfectly safe on d1, and it holds the queenside somewhat. There is really no
advantage in sending the king to the kingside, as it would serve no purpose
there. The queenside rook will eventually be lifted via a4 (after a pawn push
to a5) and go to b4, where it would be pressuring the b7-pawn. However, White
is not the only one who can push rook pawns...} h5 $1 {A good strategic move:
Black grabs space on the kingside and prepares a potential rook lift there -
but it's also important to understand the psychological implications of such a
move. Because of the match situation, it is possible that Kamsky wants to play
with as little risk as possible. Clearly he holds no advantage, so he does not
want to commit himself to any weaknesses if he cannot see an immediate return.
It is possible that for this reason he shuns the most natural move 16.h4 and
gives Black a decent amount of space on the kingside. In my opinion,
unnecessarily.} 16. Re1 $6 (16. h4 {is of course the most natural continuation,
but then White has to cope with the fact that h4 will be weak and g5 might be
a possible break in the future. All bishop retreats make some sense at this
point, but the most natural would seem to be...} Bd8 {eyeing that h4-pawn.} 17.
g3 Ba5 {Kamsky might have looked at this position and not liked it. The
computer suggests that terribly inhuman move 18.Rb1, so it's understandable
how he didn't go for this line. However, White's position is solid, even if
rather planless.}) 16... h4 {Black quickly grabs the space he was provided.
White can hardly allow the pawn to go all the way to h3, so he must stop it
now.} 17. h3 Nf6 18. Nxf6+ (18. Nb6 {was a natural alternative. However after}
Rc5 19. a5 Nh5 {Black begins to build up some pressure on the kingside. Maybe
saying that Black is better is not quite true, but it does seem more pleasant
to play with the Black pieces.}) 18... gxf6 $1 $15 {Topalov instantly replied
with this move, and with good reason. The g-file opens with great effect to
exert pressure on the now weak g2-pawn, while his centre will be bolstered
after the trade of bishops on e6. This move might seem strange to some players,
but to a Sveshnikov player, or a super-GM like Topalov, it is the only
conceivable move.} 19. Bxe6 fxe6 20. Nf3 Rg8 {Kamsky must hurry and prevent
Topalov from expanding in the centre too quickly. He still has some resources
- but haste is mandatory.} 21. c4 f5 22. exf5 exf5 23. Ke2 $1 {A resourceful
move! The king's role in the centre has ended, and there is no more need for
him to defend the c2-square. Additionally, he was starting to become exposed,
so it makes sense to transfer his majesty to f1, where it will guard the g2
pawn.} Be7 24. Kf1 Kf7 25. Rad1 {This is another good moment to analyse what
is going on. Black has achieved many things! He has fixed his structure and
now has a potentially dangerous pawn centre. Unfortunately, there is no clear
way for him to use it immediately. He will never want to advance e4 and give
White the d4-square. So it transpires that a logical plan is to play b5. This
can be done immediately, but Topalov shows his class and first plays an
important move.} Rc5 $1 {This move takes control of the fifth rank, an
important element as the 25...b5 variation shows. White is running out of
useful moves, so he plays his card...} (25... b5 $5 26. axb5 axb5 27. Rd5 $1 {
This cool moves forces off more pawns than Black wants to trade. The following
is only a sample line, but shows the great simplification power White has as
his disposal.} bxc4 28. bxc4 Kf6 29. c5 $1 Ke6 30. cxd6 Kxd5 31. dxe7 Rge8 32.
Nxh4 Ke6 33. f4 Rc5 34. g4 fxg4 35. hxg4 $11 {And with the last pawn gone the
draw is obvious.}) 26. b4 $1 {Maybe forced. White uses tactics to resolve some
of the tension.} (26. Re2 b5 27. cxb5 axb5 28. a5 b4 $15 {is definitely NOT
what White is looking for.}) 26... Rxc4 27. Rxe5 {Black has a few ways of
dealing with this position. He wants to create as much play as possible, but
it seems that White is holding in every line.} dxe5 (27... Kf6 28. Ree1 Rxb4
29. Rd4 Rxd4 30. Nxd4 $11 {and Black has no real hopes of winning as he will
soon lose an important pawn.}) (27... Rxb4 28. Rxf5+ Kg6 29. Ra5 {The awkward
placement of the rook on a5 would seem to give Black a reason to go for this
line, however it is actually difficult to come up with a useful move. The
pawns on d6 and h4 are rather weak, and the king will never find shelter.
Practically, it is difficult to go for this line as your top choice, but it
was definitely worth a try.} Rc8 $5 30. Re1 Rc7 $15) 28. Nxe5+ Ke6 29. Nxc4
Bxb4 30. Rb1 $1 {Fixing the pawns on dark squares is important, as it will
allow White to easily control them, or at least force Black into a major
concession if he tries to advance on the queenside.} a5 31. Rd1 Rc8 32. Rd4 {
The weak pawn on h4, the controlled structure on the queenside and the active
white pieces give Black little hope of a win, so Black sets up one final trap..
.} Bc3 $1 33. Rxh4 Bf6 34. Rf4 Bg5 {White is at a small crossroads. He could
try to gain three (!) passed pawns on the kingside with 35.Rxf5!? or he could
play it safe and take a draw. Topalov has simply given Gata the chance to go
wrong, but he doesn't bite.} 35. Rd4 (35. Rxf5 $5 Kxf5 (35... Rxc4 36. Rxg5
Rxa4 37. Rb5 $14 {Black might have enough to draw this, but no more.}) 36. Nd6+
Ke6 (36... Ke5 $2 37. Nxc8 Kd5 {transposes to Kd5 above.}) 37. Nxc8 {So now
that we reach this position in our minds, we realise that more calculation is
necessary. Black has no successful way of trying to corral the knight on c8,
so he must lunge toward the queenside - and he has two ways to do this.} b5 $1
{Speed is everything. White can't take on b5, but he can clearly catch the
pawn.} (37... Kd5 $2 38. Ke2 {Now Black's king cannot prevent White's from
helping on the queenside, since he cannot afford to lose the b-pawn.} Kc5 (
38... Kc4 $6 39. Nd6+ Kb3 40. Nxb7 Kxa4 41. g3 Kb4 42. Nxa5 $18) 39. Kd3 Kb4
40. Nd6 b6 41. Nb5 Kxa4 42. Kc4 $18 {And the pawns roll by themselves on the
queenside.}) 38. Ke2 bxa4 39. Kd3 Bf6 40. Kc4 a3 41. Kb3 Bd4 42. Kxa3 Kd7 43.
Ka4 {and the position should be drawn. Of course this crazy line requires
quite a bit of calculation, and contains many ways in which one could go wrong.
Gata's choice is safe and sound.}) 35... Bf6 36. Rf4 Bg5 37. Rd4 Bf6 {A
tenacious defence by the American. Topalov tried on every flank but eventually
came up short of victory, setting up a very highly anticipated game for
tomorrow, where Topalov will push with everything he has!} 1/2-1/2

[Event "Candidates Tournament"]
[Site "Kazan"]
[Date "2011.05.08"]
[Round "1.4"]
[White "Topalov, Veselin"]
[Black "Kamsky, Gata"]
[Result "1/2-1/2"]
[ECO "A16"]
[WhiteElo "2775"]
[BlackElo "2732"]
[Annotator "Ramirez Alvarez,A"]
[PlyCount "112"]
[EventDate "2011.05.05"]
[EventType "k.o."]
[EventRounds "3"]
[EventCountry "RUS"]
[SourceTitle "CBM 143"]
[Source "ChessBase"]
[SourceDate "2011.07.15"]
[SourceVersion "1"]
[SourceVersionDate "2011.07.15"]
[SourceQuality "1"]
[TimeControl "7200"]

{The Topalov-Kamsky match has been, without a doubt, the most exciting match
in in the first round of the Candidates. The match started with an interesting
draw when Kamsky introduced a novelty as early as move seven in the Najdorf;
it was followed by an absolutely wild game with kings castled on opposite
sides (or rather, one castled and one non-castled) that ended with Gata taken
the full point with a vicious and perfectly executed attack, and in the third
game we saw Topalov pull out all his strategic tricks to try to take the point
from Kamsky. Of course, these great players would not let us down in the final
game.} 1. Nf3 Nf6 2. c4 g6 3. Nc3 d5 4. cxd5 Nxd5 5. Qc2 {Topalov reveals a
surprise as early as move five! 5.Qa4+ has been played thousands of times, so
it's interesting that the Bulgarian tries to change the course of the game so
quickly.} Bg7 6. e4 Nb6 {This isn't the only move but I like it as a practical
decision; it allows Black to keep using familiar themes and strategies as
opposed to radically changing the pawn structure and having to come up with
ideas in a less familiar environment.} (6... Nxc3 7. dxc3 {must be the idea of
White's system. This pawn structure is slightly better for White, as Black's
bishop is quite passive (nothing a Grünfeld player wants to hear about...).
The game would've taken a much different direction than normal Grünfeld waters.
Normally White doesn't go for this as the exchange of queens favors Black, who
usually ends up having a little bit less space.}) 7. d4 O-O 8. Be3 Bg4 9. Ne5 {
This is the other point of White's system. With the queen on c2, and out of
harms way, the knight can move to e5 to control the g7 bishop. This doesn't
come for free though, as now White is saddled with an inferior pawn structure
and his development is not looking too advanced.} Bxe5 (9... Be6 {was worth
considering, with the idea of c6 and N8d7 eventually.}) 10. dxe5 Nc6 {Black
tries to immediately take advantage of White's aggression. However, it seems
that Topalov has just enough time to kick back Black's pieces and not only
defend all his weaknesses, but start rolling an initiative of his own with his
central pawn majority.} 11. h3 Be6 12. Rd1 Qc8 13. f4 (13. Be2 $5 Nxe5 14. b3
Rd8 15. O-O {also gives White plenty of compensation. This might be the future
of this variation - the idea of playing f4 in a near future might be very,
very strong. Black's pieces are very controlled and an attack on the queenside
might be strong. Who knows, Topalov's Qc2 might be more poisonous than it
looks.}) 13... Rd8 14. b3 Nb4 15. Rxd8+ Qxd8 16. Qb1 {White's space avantage
coupled with his pair of bishops promise him a bright future. Kamsky already
must look for something creative and fast so that he can break through and
disrupt White's coordination.} f5 $5 {Maybe not the strongest move, but Black
had to do something. At least now the position is getting opened while White's
king remains in the centre.} 17. exf6 exf6 18. Be2 Qe7 19. O-O Bf7 20. Bf2 Rd8
21. Rd1 Rxd1+ 22. Qxd1 {The dust has cleared a little, as White has finished
his development. Black hasn't achieved much of anything tangible, but at least
his position remains solid and he has enough space for all his pieces as he
has managed to take the rooks out of the game.} c5 {Black is trying to grab as
much space as he can. Currently he is trying to obtain control of d4, or at
least use it to trade off some pieces. It's hard to conceive of a plan, so
this at least gives him some direction.} 23. Bf1 Nc6 24. g3 Kg7 25. Bg2 h5 26.
Nb5 Nc8 27. Qd2 {White has slowly built up his forces, without creating any
special threats. However, all his pieces are slightly better placed, which
makes any break all the more dangerous. Black can sit back and wait until
White threatens a breakthrough, which may be now or in twenty moves, but Gata
is just not that type of player.} c4 {Opening the position increases the value
of the pair of bishops, but reducing the pawns favours Black.} 28. bxc4 Bxc4
29. Nd4 Qb4 30. Qc1 $1 {It is important to understand the power of this move.
The queen is the last remaining major piece in the game, and without it White
will not be able to generate a strong enough initiative to overwhelm his
opponent. For this reason he retreats the queen to a place where it cannot be
easily bothered. Also key to note is that the queen is still on a black square,
which potentially allows it to quickly target the weak king on g7.} (30. Qxb4
Nxb4 31. a3 Nd3 $1 {and Black's pieces are just as active as their
counterparts. Black will very likely hold this endgame without any problem.})
30... N8e7 31. a3 Qa4 32. Qb2 {With every move White's position gains more and
more strength.} b6 33. Kh2 $1 {Another important move. This prophylactic move
frees him from the responsibilities of worrying about Qd1+, and secures the
kingside pawn structure.} Kf7 {Not a particularly useful move, but Black is
quickly running out of moves. Now White must find a way to strike.} 34. Qc3 Ba2
35. f5 {And here it is. This move was played, in my opinion, at the exact
right time. With 5 moves to go it is still difficult to make the time control
seeing that Gata only had one minute and thirty seconds at this point, while
Topalov had a full eleven minutes. It is difficult to react to a challenging
move with such a short amount of time.} Qc4 36. Qb2 Ne5 37. Qd2 $1 g5 38. Ne6 {
Topalov has played a flawless game. His knight and queen will create very
deadly threats.} N7c6 $2 (38... Bb3 {defending d1, is an extremely hard move
to find, but might have been the only way to defend.}) 39. Qd6 $1 $18 {The
decisive penetration. Black simply does not have enough glue to keep his
entire position together.} Ke8 40. Nc7+ (40. Bd4 $1 {was the cleanest, with
the idea of Bxe5, while the bishop cannot be taken because of Qd8+ and Qf8#.
However, Topalov had nearly no time by this point, and his move is almost as
strong.}) 40... Kf7 41. Nd5 {...and f6 falls, and with it the game... or so it
seems!} Qe2 $1 {Kamsky does not give up! He sees that his only hope now is the
somewhat weak position of White's bishops, which cannot move because they must
stay to defend the king. Resourceful, but it should be insufficient.} 42. Qxf6+
Ke8 {This is a bizarre position. White is up a pawn, has more checks than he
can count, and is to move. It would seem that there must be something here
that wins. However it is very difficult to find, if it exists at all! White's
king is unfortunately too weak, and Black's pieces are just perfectly placed
to defend against all the threats and create strong ones at the same time.
Truly bizarre.} 43. Qe6+ Kf8 44. Kg1 $6 {And here Topalov beings to falter!
After spectacularly and masterfully conducting his attack, he is not able to
execute the coup de grâce by adequately removing the counterplay from Black's
position.} (44. Qh6+ Kf7 45. Qf6+ Ke8 46. Qh8+ Kf7 47. Bg1 {and now that the
queen takes h5 with check against most Nf3+ variations, White should be
winning.}) 44... Qd1+ 45. Bf1 $2 {This move now gives Black real chances to
jump back into the game. It almost seems that Black's king is too weak to
really come up with any resources, but the contrary is true!} Bxd5 $1 {
Eliminating the knight is, of course, first on the order of business.} 46. exd5
(46. Qxd5 Qxd5 47. exd5 Ne7 48. Be2 Nxf5 49. Bxh5 Ke7 {is not much better for
White, as Black's knights miraculously control the white bishops. However this
position can be squeezed.}) 46... Nd4 $11 {The position is already drawn.
White does not have enough resources to defend his own position, and he is
just missing one piece in the attack to finish off the black king. Amazing!}
47. Qf6+ Kg8 48. Qxg5+ (48. Bxd4 {did not solve White's problems, as too many
simplifications arise and his king is too weak.} Qxd4+ 49. Kh1 Qxd5+ 50. Bg2
Qd1+ 51. Kh2 Nf3+ $1 52. Bxf3 Qxf3 {with a clear draw.}) 48... Kf7 49. Qd8 Qc2
$1 {The key move! The white king is completely controlled, and the threat is
Ndf3+ followed by Ne1+, with a perpetual.} 50. Bg2 Qc1+ 51. Kh2 Qc2 52. Bg1
Ndf3+ 53. Kh1 Ne1 54. Bf2 Qxf2 55. Qc7+ Kf6 56. Qd6+ Kf7 {White is in time to
give a perpetual and not lose, but that is all. A fantastic struggle. It is
easy to blame Topalov for not calculating properly or for breaking down
nervously. It is easy to say this when you have a computer that is throwing
numbers such as +3 and +4 after 42.Qxf6+. However, I challenge the readers to
calculate that position. With or without a computer! It is extremely complex,
Black's resources plentiful and White's continuation unclear. In most cases in
chess, the position is as natural as it seems. Black's weak king, pawn deficit,
etc. seemed to clearly indicate he was easily lost, but that might not have
been the case. Again, a fantastic save by the American grandmaster, but thanks
to both players for providing us with unbelievably exciting chess.} 1/2-1/2